 Dungeon Crawl Stone Soup version 0.28.0-1-gb440e238dd (webtiles) character file.

Game seed: 15534975425892660781

4 cbfl8 the Sneak (level 1, -5/19 HPs)
             Began as a Minotaur Delver on Feb 23, 2022.
             Killed by divine providence
             ... invoked by an orc priest
              (12 damage)
             ... on level 3 of the Dungeon.
             The game lasted 00:00:59 (257 turns).

cbfl8 the Sneak (Minotaur Delver)                    Turns: 257, Time: 00:01:00

Health: -5/19      AC:  5    Str: 16    XL:     1   Next: 50%
Magic:  0/0        EV: 11    Int:  7    God:
Gold:   8          SH:  0    Dex: 11    Spells: 0/0 levels left

rFire   + . .      SeeInvis .   a - +0 hand axe
rCold   . . .      Faith    .   (no shield)
rNeg    . . .      Spirit   .   d - +0 ring mail
rPois   .          Reflect  .   (helmet restricted)
rElec   .          Harm     .   (no cloak)
rCorr   .          Rampage  .   (no gloves)
Will    .....                   (no boots)
Stlth   ++........              (no amulet)
HPRegen 0.06/turn               i - ring of protection from fire
MPRegen 0.07/turn               (no ring)

@: no status effects
A: horns 2, retaliatory headbutt
a: no special abilities


You were on level 3 of the Dungeon.
You visited 1 branch of the dungeon, and saw 3 of its levels.

You collected 8 gold pieces.

Inventory:

Hand Weapons
 a - a +0 hand axe (weapon)
Armour
 b - a +0 leather armour
 d - a +0 ring mail (worn)
Jewellery
 i - a ring of protection from fire (left hand)
Wands
 g - a wand of digging (3)
Scrolls
 c - 2 scrolls of fog
 e - a scroll of fear
 j - a scroll of summoning {unknown}
Potions
 f - a potion of haste
 h - a potion of brilliance {unknown}


   Skills:
 + Level 3.6 Fighting
 + Level 2.4 Axes
 + Level 2.1 Dodging
 + Level 4.3 Stealth


You couldn't memorise any spells.
You didn't know any spells.
Your spell library was empty.

Dungeon Overview and Level Annotations

Branches:
Dungeon (5/15)             Temple (0/1) D:4

Altars:


Innate Abilities, Weirdness & Mutations

You have a pair of horns on your head.
You reflexively headbutt those who attack you in melee.


Message History

The quokka is lightly wounded.
The quokka barely misses you.
You hit the quokka. Your headbutt misses the quokka.
The quokka is lightly wounded.
The quokka bites you but does no damage.
The quokka barely misses you. You furiously retaliate!
You headbutt the quokka. You hit the quokka.
You kill the quokka!
You see here a quokka corpse.
i - a ring of protection from fire
i - a ring of protection from fire (left hand)
Found 8 gold pieces.
You now have 8 gold pieces.
Found a scroll labelled ETSOIV ESIMO.
j - a scroll labelled ETSOIV ESIMO A goblin comes into view.
It is wielding a +0 club.
The goblin shouts!
You hear a shout! x2
An orc priest comes into view. It is wielding a +0 flail.
The orc priest moves out of view.
The goblin hits you but does no damage.
You hit the goblin.
You kill the goblin!
An orc priest comes into view. It is wielding a +0 short sword.
Things that are here:
a +0 club; a +0 robe The orc priest looks satisfied for a moment.
An orc priest comes into view. It is wielding a +0 club.
The orc priest shouts!
Found a cloak.
You hear a shout!
An orc priest comes into view. It is wielding a +0 hand axe.
Things that are here:
a +0 club; a +0 robe The orc priest mumbles some strange prayers to Beogh against you.
Beogh smites you!
Ouch! That really hurt!
The orc priest calls down the wrath of Beogh upon you.
Beogh smites you!
Ouch! That really hurt!
You die...

#...o.................
....[.#..####.#########.#.
###.# #)o# #.#.
#.###..####.# #.#.
#.....o.....# #.†.
#####..###### #####...
#.o##########.......
#...........#.###...
###@#######.#.###.#. #.#
#........#. #.#
#........#. #.#
#.##.#####. #.# #.
#.#####. #.# #. #.......
#####.######. #### #.
#....#....... ##
#.###.####### ##### #


You could see 3 orc priests.

Vanquished Creatures
  A bat (D:3)
  A goblin (D:3)
  A quokka (D:3)
3 creatures vanquished.

Notes
Turn   | Place    | Note
-------+----------+-------------------------------------------
     0 | D:5      | cbfl8 the Minotaur Delver began the quest for the Orb.
     0 | D:5      | Reached XP level 1. HP: 19/19 MP: 0/0
   242 | D:3      | Noticed an orc priest
   245 | D:3      | Noticed an orc priest
   246 | D:3      | Noticed an orc priest
   247 | D:3      | Noticed an orc priest
   257 | D:3      | Killed from afar by an orc priest

Illustrated notes

Levels and vault maps discovered:
D:3:      layout_loops_ring, gammafunk_ghost_split, chequers_jeans
D:4:      layout_basic, temple_fountains, chequers_ossuary_entry_cave
D:5:      layout_basic, lemuel_crystal_altar, mainiacjoe_overflow_paths,
          mainiacjoe_overflow_alcove_3, minmay_manual_moon, uniq_grinder

Action                   || total
-------------------------++-------
Melee: Hand axe          ||     5
  Use: Scroll            ||     1
 Stab: Sleeping          ||     1
Armor: Ring mail         ||     4
Dodge: Dodged            ||     2
